AoeStats
← EXILE | NOPALITO

Arabia

510180072Analyzed
1v1 RM · 3d ago on Sep 29, 2026· 60m 45s· 2 players
Game mode
Random Map
Map size
Tiny (2 player)
Population
200
Speed
Normal
Resources
Standard
Victory
Conquest
Starting age
Dark Age
Ending age
Imperial Age
RankedLock teamsTeams togetherTeam positionsShared explorationLock speedFull tech treeHidden civsTurbo modeCheats
Victory
Defeat
🇦🇷 Berbers · Argentina
1303
+16
🇺🇸 Vikings · United States
1295
-16
EXILE | NOPALITO
7:37 Loom
9:58 Feudal Age
10:28 Man-at-Arms
17:10 Fletching
23:27 Castle Age
21:49 Double-Bit Axe
22:38 Horse Collar
23:18 Scale Barding Armor
23:30 Crossbowman
24:10 Bodkin Arrow
24:35 Gold Mining
25:55 Padded Archer Armor
31:11 Bow Saw
36:03 Ballistics
39:21 Imperial Age
38:08 Leather Archer Armor
40:27 Bracer
43:28 Arbalester
47:27 Chemistry
46:34 Light Cavalry
50:50 Chain Barding Armor
51:17 Conscription
51:13 Pikeman
51:54 Squires
56:23 Scale Mail Armor
61:56 Two-Man Saw
mauro.escalier
6:43 Loom
9:31 Feudal Age
10:19 Double-Bit Axe
10:15 Horse Collar
19:12 Fletching
19:51 Padded Archer Armor
20:01 Stone Mining
23:47 Castle Age
24:05 Wheelbarrow
24:04 Gold Mining
24:54 Bow Saw
24:45 Heavy Plow
25:22 Gold Shaft Mining
30:01 Bodkin Arrow
30:41 Husbandry
31:38 Ballistics
34:14 Stone Mining
34:46 Hand Cart
34:46 Bloodlines
40:03 Imperial Age
38:46 Leather Archer Armor
39:34 Town Watch
41:13 Bracer
42:48 Chemistry
43:00 Scale Barding Armor
43:26 Ring Archer Armor
42:48 Light Cavalry
47:23 Cavalier
48:25 Chain Barding Armor
53:30 Plate Barding Armor
55:56 Stone Shaft Mining
56:00 Forging
57:44 Iron Casting
58:11 Elite Skirmisher
62:18 Blast Furnace
61:40 Conscription
Connection lost

Rejoining the realm…

Still unreachable

The connection could not be restored.

Session expired

The server has moved on; the page needs a fresh start.